 BcadrenCrawl: Boulder Brew version 0.06-240-gf756cca71e (webtiles) character file.

Game seed: 9034270463272834056, levelgen mode: deterministic

405 gruber the Firebug (level 6, -4/28 HPs) Molten Gargoyle Fire Elementalist. Began on Aug 13, 2022. Was an Initiate of Vehumet. Slain by a sewer rat (6 damage) ... on level 2 of the Dungeon. The game lasted 00:05:09 (1151 turns).

gruber the Firebug (MGFE)                           Turns: 1151, Time: 00:05:09

Health: -4/28      AC:  3    Str:  5    XL:     6 ^: 154
Magic:  4/13       EV: 13    Int: 17    God:    Vehumet [0* [29]]
Gold:   97         SH:  0    Dex: 17    Spells: 12/15 levels left

rFire    + + +     Slash    +   i - +2 dagger (venom)
rCold    x x .     Pierce   .   (no weapon)
rNeg     + . .     Bludgeon +   a - +0 robe
rCorr    . . .     Vision   .   (no helmet)
rPois    ∞         Gourm    .   (no cloak)
rElec    +         Faith    .   (no gloves)
MR       .....     Spirit   .   (no boots)
HPRegen  0.19/turn Reflect  .   (no amulet)
MPRegen  0.23/turn Harm     .   k - ring of slaying
Stlth    +.........             (no ring)

@: short of breath, very slow
A: torment immune, lava walking, breathe magma 1, fire resistance 3, negative
energy resistance 1, electricity resistance, unbreathing, petrification
resistance, cold vulnerability 2, rot immunity, core melding 2, artificial flesh
a: Breathe Magma, Renounce Religion


You were on level 2 of the Dungeon.
You worshipped Vehumet.
Vehumet was noncommittal.
You were very hungry.

You visited 1 branch of the dungeon, and saw 2 of its levels.

You collected 97 gold pieces.

Inventory:

Weapons
 i - a +2 dagger of venom (weapon)
Armour
 a - a +0 robe (worn)
Jewellery
 b - an uncursed ring of dexterity
 j - a cursed amulet of guardian spirit {(Curse: MR-)}
 k - a ring of slaying (left hand)
Scrolls
 e - a scroll of magic mapping
 h - a scroll of enchantment
Potions
 d - a potion of cure mutation
 f - a potion of lignification
 g - a potion of invisibility
Comestibles
 c - 2 rations


   Skills:
 - Level 2.1 Dodging
 - Level 1.5 Stealth
 + Level 5.2 Spellcasting
 + Level 7.5 Fire Magic


You had 12 spell levels left.
You knew the following spells:

 Your Spells              Type           Power        Failure   Level  Hunger
a - Foxfire               Fire           25 (25)      1%          1    0
b - Searing Ray           Fire           30 (50)      1%          2    0-31

Your spell library contained the following spells:

 Spells                   Type           Power        Failure   Level  Hunger
 Conjure Flame Fire 30 (100) 1% 3 31-91 Inner Flame Hex/Fire 17 (100) 9% 3 31-91 Fireball Fire 30 (200) 17% 5 231-391 Sticky Flame Fire/Pois      17 (100)     28%         4    111-211


Dungeon Overview and Level Annotations

Branches:
Dungeon (2/8)

Altars:
Vehumet


Innate Abilities, Weirdness & Mutations

You are resistant to torment.
You are not damaged by walking on lava.
You are immune to poison.
You can breathe lava.
You are almost immune to the effects of heat. (rF+++)
You resist negative energy. (rN+)
You are resistant to electric shocks. (rElec)
You can survive without breathing.
You are immune to petrification.
You are very vulnerable to cold. (rC--)
You are immune to rotting.
The molten core of your body molds to fit into any body armour perfectly. (1.5x Base AC and No Encumberance from Armour).
Your artificial form resists hard blunt hits and is difficult to cut into. (rBludgeoning+ , rSlashing+)


Message History

Unknown command.
Casting: Searing Ray (safe; 1% risk of failure)
Confirm with . or Enter, or press ? or * to list all spells.
Aiming: Searing Ray (safe; 1% risk of failure)
Press: ? - help, Shift-Dir - straight line, f - sewer rat
Aim: a sewer rat (83%, 86% to-hit, healthy (11/11), 70% (Melee))
The searing ray hits the sewer rat (2).
The sewer rat is lightly wounded. (9/11) HP (Press . to maintain the ray.)
You hear a splash.
The sewer rat bites you (6).
* * * LOW HITPOINT WARNING * * *
Unknown command.
Unknown command.
Unknown command.
Unknown command.
The searing ray hits the sewer rat (1).
The sewer rat is moderately wounded. (8/11) HP The sewer rat bites you (6).
You die...

≈≈PPPP≈P≈"≈≈≈≈≈
≈≈P†..P≈P≈≈≈≈≈≈≈
≈≈≈P≈P≈≈≈.b.≈≈PP
#P≈≈≈P≈≈....#.##
#≈≈≈P≈≈≈†#.≈#
#≈≈≈≈≈≈≈.##.#
#≈≈≈≈≈≈≈.# ≈P#
#≈≈≈;≈;rr###P#
#≈≈≈≈≈≈r†#@P##
#≈≈≈÷≈≈Jrr###
#≈≈≈≈≈≈†r#≈##
#≈≈≈≈≈≈)≈≈≈.#
#≈P≈≈≈.≈≈##≈≈#
#P≈≈≈..≈≈.###≈#
#≈P≈≈.≈≈≈## ≈#
#≈≈≈≈≈≈≈≈# ≈
#P≈≈≈≈≈≈≈# #


You could see a submerged ooze and 3 submerged sewer rats.

Vanquished Creatures
  4 big kobolds
  A jelly (D:1)
  A giant cockroach (D:2)
  A sewer rat (D:2)
  3 cinder newts (D:1)
  2 oozes
  2 dart slugs (D:1)
  A leopard gecko (D:1)
  2 ball pythons (D:2)
  3 bats (D:1)
  A goblin (D:1)
  5 hobgoblins (D:1)
  17 kobolds
  5 rats (D:1)
48 creatures vanquished.

Vanquished Creatures (others)
  A kobold (D:2)
  153 foxfires
  27 withered plants (D:2)
181 creatures vanquished.

Grand Total: 229 creatures vanquished

Notes
Turn   | Place    | Note
-------+----------+-------------------------------------------
     0 | D:1      | gruber the Molten Gargoyle Fire Elementalist began the
                  | quest for the Orb.
     0 | D:1      | Reached XP level 1. HP: 9/9 MP: 3/3
    78 | D:1      | Reached XP level 2. HP: 10/13 MP: 0/5
   202 | D:1      | Learned a level 2 spell: Searing Ray
   246 | D:1      | Reached skill level 5 in Fire Magic
   412 | D:1      | Reached XP level 3. HP: 16/16 MP: 4/7
   841 | D:1      | Found a radiant altar of Vehumet.
   854 | D:1      | Became a worshipper of Vehumet
   873 | D:2      | Noticed a big kobold
   883 | D:1      | Reached XP level 4. HP: 13/21 MP: 2/9
   904 | D:1      | Killed a big kobold
   904 | D:1      | Reached skill level 6 in Fire Magic
   904 | D:1      | Reached XP level 5. HP: 24/24 MP: 0/11
  1087 | D:2      | Reached skill level 7 in Fire Magic
  1087 | D:2      | Reached XP level 6. HP: 23/28 MP: 1/13
  1111 | D:2      | Reached skill level 5 in Spellcasting
  1151 | D:2      | Slain by a sewer rat

Levels and vault maps discovered:
D:1:      dpeg_arrival_lava_altar, layout_basic, first_ration,
          portal_sewer_entry_b
D:2:      minmay_recursive_quarters, layout_sewer, sigmund_army

Skill      XL: |  1  2  3  4  5  6 |
---------------+-------------------+-----
Fire Magic     | 5 6 7 |  7.5
Spellcasting   | 3 4 5 |  5.2
Dodging        | |  2.1
Stealth        | |  1.5

Action                   |  1- 3 |  4- 6 || total
-------------------------+-------+-------++-------
Melee: Unarmed           |     4 |    53 ||    57
       Dagger            |       |    27 ||    27
 Cast: Foxfire           |    49 |    45 ||    94
       Searing Ray       |     3 |     4 ||     7
 Abil: Breathe Magma     |     3 |     3 ||     6
  Eat: Chunk             |       |     1 ||     1
Armor: Robe              |     7 |    12 ||    19
Dodge: Dodged            |     3 |    11 ||    14
